 Dungeon Crawl Stone Soup version 0.19.5 (webtiles) character file.

143 SYPIAC the Ruffian (level 5, -17/39 (42) HPs)
             Began as a Minotaur Berserker on Mar 28, 2017.
             Was a Follower of Hepliaklqana.
             Demolished by a polar bear (26 damage)
             ... created by the rage of Trog
             ... on level 3 of the Dungeon.
             The game lasted 00:21:50 (1939 turns).

SYPIAC the Ruffian (Minotaur Berserker)             Turns: 1939, Time: 00:21:50

HP:   -17/39 (42)   AC:  2    Str: 23    XL:     5   Next: 4%
MP:   4/4           EV: 12    Int:  4    God:    Hepliaklqana [*.....]
Gold: 131           SH:  0    Dex:  9    Spells: 0 memorised, 4 levels left

rFire  . . .     SeeInvis .       - Unarmed
rCold  . . .     Gourm    .     n - +0 animal skin
rNeg   . . .     Faith    .     (no shield)
rPois  .         Spirit   .     (helmet restricted)
rElec  .         Reflect  .     (no cloak)
rCorr  .         Harm     .     (no gloves)
MR     +....                    (no boots)
Stlth  +.........               (no amulet)
                                (no ring)
                                s - ring of protection from magic

@: no status effects
A: retaliatory headbutt, reduced essence, horns 2
a: Recall Ancestor, Ancestor Identity, Renounce Religion


You were on level 3 of the Dungeon.
You worshipped Hepliaklqana.
Hepliaklqana was aware of your devotion.
You were not hungry.

You visited 1 branch of the dungeon, and saw 3 of its levels.

You collected 131 gold pieces.

Inventory:

Hand Weapons
 a - a +0 hunting sling
 d - a +0 hand axe
 e - a +0 club
Missiles
 k - 33 stones (quivered)
 r - 14 poisoned needles
Armour
 n - a +0 animal skin (worn)
Jewellery
 s - a ring of protection from magic (left hand)
Wands
 j - a wand of acid (6/15)
Scrolls
 c - a scroll of teleportation {unknown}
 f - 4 scrolls of remove curse
 i - 3 scrolls of identify
Potions
 o - a potion of magic {unknown}
 p - a potion of heal wounds {unknown}
 q - a potion of brilliance {unknown}
Comestibles
 b - 4 bread rations
 l - 3 beef jerkies
 m - 2 chunks of flesh


   Skills:
 + Level 4.7 Fighting
 + Level 1.2 Slings
 + Level 0.2(0.6) Throwing
 + Level 2.6 Armour
 + Level 2.9 Dodging
 + Level 4.9 Unarmed Combat


You had 4 spell levels left.
You didn't know any spells.

Dungeon Overview and Level Annotations

Branches:
Dungeon (3/15)

Altars:
Dithmenos
Hepliaklqana


Innate Abilities, Weirdness & Mutations

You reflexively headbutt those who attack you in melee.
You have a pair of horns on your head.
Your life essence is reduced. (-10% HP)


Message History

The black bear claws you but does no damage.
The polar bear misses Hsekiu.
The polar bear barely misses Hsekiu.
The polar bear claws Hsekiu.
You hit the black bear but do no damage.
The polar bear bites Hsekiu!!
Hsekiu is destroyed!
Hsekiu is still trapped in memory!
Okay, then.
As you read the scroll labeled KOC MOHUMELINT, it crumbles to dust.
You assume a fearsome visage.
It was a scroll of fear.
The polar bear bites you. The polar bear claws you. The polar bear claws you!
* * * LOW HITPOINT WARNING * * *
Press: ? - help, v - describe, . - travel
Here: a polar bear (berserk, fast, unusually strong, durably summoned)
The floor.
As you read the scroll labeled GUNAZE HINOMP, it crumbles to dust.
The scroll dissolves into smoke.
It was a scroll of fog.
The polar bear bites you!!
Ouch! That really hurt!
You die...

######## #......#
####### #......# #.....#
#......#
#.###.####......# #.#
#.##........#
#####.###§# #.......#
#.....#@h§# #.#.########
#.#####h#####.#.........
#.#>..hh§h..............
#.#.#.####...........###
#.........<#.........###
###.#.#.#.##............
#.....#.....#######.##
#.###.#####.#######.#.
... ... ............


You could see 3 polar bears and a black bear (berserk).

Vanquished Creatures
  A hound (D:3)
  4 adders (D:2)
  An ooze (D:2)
  A worm (D:2)
  2 dart slugs
  2 leopard geckos
  An orc (D:3)
  A ball python (D:1)
  4 giant cockroaches
  4 goblins (D:1)
  8 hobgoblins
  5 jackals (D:1)
  3 bats
  6 frilled lizards
  5 kobolds
  7 rats
55 creatures vanquished.

Vanquished Creatures (collateral kills)
  An adder (D:2)
  A kobold (D:3)
2 creatures vanquished.

Vanquished Creatures (others)
  An ancestor (D:3)
1 creature vanquished.

Grand Total: 58 creatures vanquished

Notes
Turn   | Place    | Note
-------+----------+-------------------------------------------
     0 | D:1      | SYPIAC the Minotaur Berserker began the quest for the Orb.
     0 | D:1      | Reached XP level 1. HP: 19/19 MP: 0/0
     3 | D:1      | Noticed a vine stalker
     5 | D:1      | Noticed a halfling
     5 | D:1      | Noticed a troll
     7 | D:1      | Noticed a demonspawn
     7 | D:1      | Noticed an elf
     9 | D:1      | Noticed a felid
     9 | D:1      | Noticed a minotaur
    11 | D:1      | Noticed a naga
    13 | D:1      | Noticed a demigod
    13 | D:1      | Noticed an octopode
    15 | D:1      | Noticed an ogre
    17 | D:1      | Noticed a centaur
    17 | D:1      | Noticed a merfolk
    19 | D:1      | Noticed a human
    19 | D:1      | Noticed a gargoyle
    21 | D:1      | Noticed a vampire
    21 | D:1      | Noticed a dwarf
    23 | D:1      | Noticed a spriggan
    23 | D:1      | Noticed a formicid
    25 | D:1      | Noticed a tengu
    25 | D:1      | Noticed a draconian
    27 | D:1      | Noticed a ghoul
    53 | D:1      | Reached XP level 2. HP: 22/27 MP: 1/1
   362 | D:1      | Reached ** piety under Trog
   407 | D:1      | Reached XP level 3. HP: 26/33 MP: 2/2
  1173 | D:2      | Reached XP level 4. HP: 28/40 MP: 3/3
  1341 | D:2      | Found a shadowy altar of Dithmenos.
  1399 | D:2      | Found a faded altar of an unknown god.
  1419 | D:2      | Fell from the grace of Trog
  1419 | D:2      | Became a worshipper of Hepliaklqana the Forgotten
  1419 | D:2      | Reached * piety under Hepliaklqana
  1665 | D:3      | Reached skill level 1 in Slings
  1673 | D:3      | Reached XP level 5. HP: 32/39 MP: 4/4
  1934 | D:3      | Noticed a black bear
  1934 | D:3      | Noticed a black bear
  1934 | D:3      | Noticed a polar bear
  1934 | D:3      | Noticed a polar bear
  1934 | D:3      | Noticed a polar bear
  1939 | D:3      | Demolished by a polar bear

Skill      XL: |  1  2  3  4 |
---------------+-------------+-----
Fighting       | 4 |  4.7
Unarmed Combat | 4 |  4.9
Slings         | 1 |  1.2
Throwing       | |  0.2
Armour         | |  2.6
Dodging        | |  2.9

Action                   |  1- 3 |  4- 6 || total
-------------------------+-------+-------++-------
Melee: Unarmed           |    60 |    40 ||   100
       Headbutt          |     8 |     5 ||    13
       Hunting sling     |     3 |       ||     3
       Punch             |       |     3 ||     3
 Fire: Hunting sling     |     7 |       ||     7
Throw: Stone             |     6 |       ||     6
Invok: Berserk           |     1 |       ||     1
       Ancestor Identity |       |     2 ||     2
  Use: Scroll            |       |     6 ||     6
  Eat: Chunk             |     2 |     2 ||     4
Armor: Animal skin       |    11 |     4 ||    15
Dodge: Dodged            |    51 |    23 ||    74
